 Dungeon Crawl Stone Soup version 0.30.0-19-g36f170ea60 (webtiles) character file.

Game seed: 13559702105640590827

63 Peloso the Covered (level 3, -1/33 HPs)
             Began as a Minotaur Fighter on May 28, 2023.
             Constricted to death by Natasha (5 damage)
             ... on level 2 of the Dungeon.
             The game lasted 00:01:50 (1149 turns).

Peloso the Covered (Minotaur Fighter)               Turns: 1149, Time: 00:01:50

Health: -1/33      AC:  7    Str: 20    XL:     3   Next: 87%
Magic:  2/2        EV:  6    Int:  5    God:
Gold:   57         SH:  4    Dex: 11    Spells: 2/2 levels left

rFire   . . .        a - +0 long sword
rCold   . . .        c - +0 buckler
rNeg    . . .        b - +0 scale mail
rPois   .            (helmet restricted)
rElec   .            (no cloak)
rCorr   .            (no gloves)
SInv    .            (no boots)
Will    .....        (no amulet) Stlth
                     (no ring)
HPRegen 0.25/turn    (no ring)
MPRegen 0.08/turn

%: no passive effects
@: grasped by roots, constricted
A: horns 2, retaliatory headbutt
a: no special abilities


You were on level 2 of the Dungeon.
You visited 1 branch of the dungeon, and saw 2 of its levels.

You collected 57 gold pieces.

Inventory:

Hand Weapons
 a - a +0 long sword (weapon)
Armour
 b - a +0 scale mail (worn)
 c - a +0 buckler (worn)
Scrolls
 e - a scroll of teleportation {unknown}
 f - a scroll of noise {unknown}
 g - 3 scrolls of fog {unknown}
 h - a scroll of blinking {unknown}
 i - a scroll of enchant weapon {unknown}
Potions
 d - a potion of might


   Skills:
 + Level 4.1 Fighting
 + Level 3.2 Long Blades
 + Level 4.4 Armour
 + Level 4.3 Shields


You had 2 spell levels left.
You didn't know any spells.
Your spell library was empty.

Dungeon Overview and Level Annotations

Branches:
Dungeon (2/15)

Altars:

Annotations:
D:2 Natasha


Innate Abilities, Weirdness & Mutations

You have a pair of horns on your head.
You reflexively headbutt those who attack you in melee.


Message History

A kobold comes into view. It is wielding a +0 dagger.
The kobold shouts!
The kobold moves out of view.
Natasha, Servant of Life and Death comes into view.
She is carrying a wand of roots (7).
Found a cloak.
Natasha hisses angrily.
The kobold hits you but does no damage.
You miss the kobold. The kobold hits you but does no damage.
The kobold barely misses you. You furiously retaliate!
You headbutt the kobold. You closely miss the kobold.
The kobold is moderately wounded.
The kobold barely misses you.
You hit the kobold but do no damage.
The kobold is moderately wounded.
The kobold hits you but does no damage.
Natasha zaps a wand.
The roots erupt in riotous growth!
The kobold is unaffected.
The grasping roots grab you!
Natasha is unaffected.
The grasping roots constrict you.
You closely miss the kobold.
The kobold is moderately wounded.
You block the kobold's attack. The grasping roots constrict you.
You barely miss the kobold.
The kobold is moderately wounded.
The grasping roots constrict you. The kobold hits you with a +0 dagger.
Natasha casts a spell.
The grasping roots constrict you. The kobold hits you but does no damage.
You hit the kobold.
You kill the kobold!
The grasping roots constrict you.
The grasping roots release their grip on you.
Unknown command.
You hit Natasha. Your headbutt misses Natasha.
Natasha is moderately wounded.
Natasha zaps a wand.
The roots erupt in riotous growth!
The grasping roots grab you!
Natasha is unaffected.
The grasping roots constrict you. The cerulean imp completely misses you.
Natasha claws you!
* * * LOW HITPOINT WARNING * * *
The grasping roots constrict you.
You die...

#.....# ######.....#
...........# ############
. ## ######### ...
.###....#...########.....
.....##.....)...@h5......
....##..##..######.......
....#..#)##.# ....)..
.....#....#.# .......
...#...[#...# .......
...##.#..#.## .......
#...##..##.# #[..###
#......##..# ####
####.....[##


You could see Natasha and a cerulean imp (summoned).

Vanquished Creatures
  3 adders (D:2)
  3 ball pythons
  3 endoplasms
  A giant cockroach (D:2)
  2 goblins
  A hobgoblin (D:1)
  3 jackals (D:1)
  5 kobolds
  A quokka (D:1)
  5 bats
  5 frilled lizards (D:1)
  3 rats
35 creatures vanquished.

Notes
Turn   | Place    | Note
-------+----------+-------------------------------------------
     0 | D:1      | Peloso the Minotaur Fighter began the quest for the Orb.
     0 | D:1      | Reached XP level 1. HP: 19/19 MP: 0/0
   129 | D:1      | Reached XP level 2. HP: 26/27 MP: 1/1
   983 | D:2      | Reached XP level 3. HP: 18/33 MP: 2/2
  1137 | D:2      | Noticed Natasha
  1149 | D:2      | Constricted to death by Natasha

Illustrated notes

Levels and vault maps discovered:
D:1:      minmay_arrival_doors, layout_basic, minmay_tripent
D:2:      layout_basic, minmay_pentomino_w4, uniq_natasha

Skill      XL: |  1  2 |
---------------+-------+-----
Fighting       | 4 |  4.1
Shields        | 4 |  4.3
Armour         | 4 |  4.4
Long Blades    | 3 |  3.2

Action                     || total
---------------------------++-------
  Melee: Long sword        ||    86
         Headbutt          ||     8
    Use: Potion            ||     2
 Armour: Scale mail        ||    43
  Dodge: Dodged            ||    42
  Block: Buckler           ||    15
